AoeStats
← Huasalamos

Arabia

508566390Analyzed
3v3 RM · 9d ago on Sep 23, 2026· 45m 53s· 6 players
Game mode
Random Map
Map size
Normal (6 player)
Population
200
Speed
Normal
Resources
Standard
Victory
Conquest
Starting age
Dark Age
Ending age
Imperial Age
RankedLock teamsTeams togetherTeam positionsShared explorationLock speedFull tech treeHidden civsTurbo modeCheats
Victory
Defeat
🇧🇷 Mongols · Brazil
740
+17
🇨🇦 Vietnamese · Canada
739
+17
🇧🇷 Magyars · Brazil
703
+19
🇨🇱 Teutons · Chile
817
-46
🇨🇴 Portuguese · Colombia
756
-36
🇨🇱 Persians · Chile
726
-16
NKejicus
10:46 Feudal Age
9:37 Loom
11:53 Double-Bit Axe
11:50 Horse Collar
15:43 Bloodlines
17:45 Man-at-Arms
21:03 Scale Barding Armor
25:05 Forging
Huasalamos
14:44 Feudal Age
31:20 Castle Age
32:43 Forging
32:38 Scale Mail Armor
38:44 Pikeman
jadall
15:36 Feudal Age
Fritz_Hoff
3:47 Loom
10:06 Feudal Age
10:48 Double-Bit Axe
12:48 Wheelbarrow
13:06 Horse Collar
15:17 Fletching
17:26 Forging
24:00 Scale Mail Armor
29:52 Castle Age
31:14 Bow Saw
31:07 Heavy Plow
34:37 Hand Cart
35:34 Bloodlines
35:27 Husbandry
37:14 Squires
36:34 Pikeman
37:36 Thumb Ring
36:52 Crossbowman
36:54 Elite Skirmisher
40:34 Scale Barding Armor
41:06 Iron Casting
43:08 Treadmill Crane
thiagopri
8:40 Feudal Age
11:41 Stone Mining
14:28 Horse Collar
14:37 Double-Bit Axe
18:35 Loom
22:20 Horse Collar
27:05 Castle Age
26:36 Wheelbarrow
26:45 Gold Mining
26:49 Fletching
27:00 Padded Archer Armor
30:51 Thumb Ring
30:08 Crossbowman
30:11 Elite Skirmisher
30:50 Bodkin Arrow
31:11 Leather Archer Armor
35:46 Stone Shaft Mining
37:15 Gold Shaft Mining
39:12 Hand Cart
39:16 Bow Saw
39:14 Heavy Plow
41:56 Imperial Age
42:52 Ballistics
42:30 Murder Holes
42:15 Capped Ram
44:03 Bracer
44:33 Parthian Tactics
43:31 Heavy Cavalry Archer
s1d
9:56 Feudal Age
17:18 Horse Collar
17:25 Double-Bit Axe
28:29 Castle Age
26:16 Loom
26:59 Bloodlines
27:33 Arson
28:36 Scale Mail Armor
29:05 Scale Barding Armor
29:51 Heavy Plow
30:04 Bow Saw
32:02 Chain Mail Armor
32:08 Chain Barding Armor
31:56 Husbandry
33:48 Gold Mining
36:44 Light Cavalry
38:04 Gold Shaft Mining
37:20 Stone Mining
39:08 Wheelbarrow
38:18 Town Watch
40:33 Hand Cart
40:19 Town Patrol
42:14 Padded Archer Armor
42:04 Fletching
48:48 Imperial Age
46:22 Caravan
Connection lost

Rejoining the realm…

Still unreachable

The connection could not be restored.

Session expired

The server has moved on; the page needs a fresh start.